 Dungeon Crawl Stone Soup version 0.21-a0-82-gdb84782 (webtiles) character file.

126 MackTheKnife the Conjurer (level 5, -1/28 HPs)
             Began as a Tengu Conjurer on June 24, 2017.
             Killed by divine providence
             ... invoked by an orc priest
              (14 damage)
             ... on level 3 of the Dungeon.
             The game lasted 00:04:01 (1888 turns).

MackTheKnife the Conjurer (Tengu Conjurer)          Turns: 1888, Time: 00:04:02

Health: -1/28      AC:  3    Str:  9    XL:     5   Next: 10%
Magic:  2/11       EV: 17    Int: 16    God:
Gold:   88         SH:  0    Dex: 14    Spells: 6/11 levels left

rFire    . . .     SeeInvis .   p - staff of earth
rCold    . . .     Gourm    .   (no shield)
rNeg     . . .     Faith    .   i - +0 leather armour
rPois    .         Spirit   .   (helmet restricted)
rElec    .         Reflect  .   (no cloak)
rCorr    .         Harm     .   (no gloves)
MR       .....                  (boots unavailable)
Stlth    ++........             (no amulet)
HPRegen  0.09/turn              r - +5 ring of evasion
MPRegen  0.12/turn              (no ring)

@: about to teleport
A: beak, talons 3, able to fly 1
a: Fly


You were on level 3 of the Dungeon.
You were not hungry.

You visited 1 branch of the dungeon, and saw 3 of its levels.

You collected 88 gold pieces.

Inventory:

Armour
 h - a +2 ring mail of cold resistance
   (You found it on level 1 of the Dungeon)
 i - a +0 leather armour (worn)
   (You found it on level 1 of the Dungeon)
Magical Staves
 p - an uncursed staff of earth (weapon)
   (You found it on level 2 of the Dungeon)
Jewellery
 q - an uncursed ring of ice {rC+, rF-}
   (You found it on level 2 of the Dungeon)
 r - a +5 ring of evasion (left hand)
   (You found it on level 3 of the Dungeon)
Scrolls
 a - a scroll of teleportation
 d - a scroll of magic mapping {unknown}
 e - a scroll of enchant armour {unknown}
 f - 3 scrolls of identify
 g - a scroll of immolation {unknown}
 m - 2 scrolls of amnesia
 o - a scroll of remove curse {unknown}
Potions
 j - 2 potions of flight
 l - a potion of curing {unknown}
 n - a potion of agility {unknown}
 s - a potion of heal wounds {unknown}
Books
 b - a book of Conjurations
Comestibles
 c - 3 bread rations {@e1}
 k - 2 meat rations {@e2}
 t - 3 fruits


   Skills:
 - Level 2.1 Dodging
 - Level 2.0 Stealth
 + Level 3.5 Spellcasting
 + Level 6.9 Conjurations


You had 6 spell levels left.
You knew the following spells:

 Your Spells              Type           Power        Failure   Level  Hunger
x - Iskenderun's Mystic   Conj           ####....     14%         4    ####...
z - Magic Dart            Conj           ####         1%          1    None


Dungeon Overview and Level Annotations

Branches:
Dungeon (3/15)

Altars:
Cheibriados
Fedhas
Ru
Vehumet
Xom
Zin


Innate Abilities, Weirdness & Mutations

You have a beak for a mouth.
You have claws for feet.
You can fly.


Message History

A frilled lizard comes into view.
A frilled lizard is nearby!
A frilled lizard is nearby!
Aim: a frilled lizard (resting)
The magic dart hits the frilled lizard.
The frilled lizard hisses angrily.
You now have 8/10 mp.
Aim: a frilled lizard (heavily wounded)
The magic dart hits the frilled lizard.
You kill the frilled lizard!
A rat comes into view.
You now have 7/10 mp.
Aim: a rat (hasn't noticed you)
The magic dart hits the rat.
You kill the rat!
You now have 6/10 mp.
r - an ivory ring You now have 88 gold pieces (gained 3).
s - a white potion You regained 2 mp, and now have 8/10 mp.
You open the door.
There is an open door here.
f - 3 scrolls of identify (gained 2)
Found a stone staircase leading down.
MP restored: 10
t - 3 fruits You open the door.
There is an open door here.
There is an open door here.
Found a blossoming altar of Fedhas.
Found a sacrificial altar of Ru.
Put on which piece of jewellery? (? for menu, Esc to quit)
r - a +5 ring of evasion (left hand)
Found a radiant altar of Vehumet.
There is a blossoming altar of Fedhas here.
There is a dry fountain here.
A hobgoblin, an orc and an orc wizard come into view.
Aim: a hobgoblin (resting)
The magic dart hits the hobgoblin.
You now have 9/10 mp.
Aim: a hobgoblin (moderately wounded)
The magic dart hits the hobgoblin.
You kill the hobgoblin!
The orc shouts!
You now have 8/10 mp.
Aim: an orc, wielding a short sword The magic dart hits the orc.
You kill the orc!
The orc wizard shouts!
The orc wizard casts a spell.
The orc wizard seems to speed up.
An orc comes into view.
You now have 7/10 mp.
Aim: an orc wizard, wielding a dagger and wearing a robe (fast)
The magic dart hits the orc wizard.
The orc shouts!
The orc wizard points at you and mumbles some strange words.
The puff of flame hits you!
You take 4 damage, and have 20/24 hp.
You now have 6/10 mp.
Aim: an orc wizard, wielding a dagger and wearing a robe (moderately wounded, fast)
The magic dart hits the orc wizard.
An orc priest comes into view. It is wielding a dagger.
You now have 5/10 mp.
Aim: an orc wizard, wielding a dagger and wearing a robe (severely wounded, fast)
The magic dart hits the orc wizard.
The orc priest shouts!
An orc wizard comes into view. It is wielding a dagger.
You now have 4/10 mp.
Aim: an orc wizard, wielding a dagger and wearing a robe (almost dead, fast)
The magic dart hits the orc wizard.
The orc wizard shouts!
The orc wizard mumbles some strange words.
The orc wizard flickers and vanishes!
Deactivating autopickup; reactivate with Ctrl-A.
The orc priest mumbles some strange prayers to Beogh against you.
Beogh smites you!
You take 9 damage, and have 11/24 hp.
MASSIVE DAMAGE!!
You now have 3/10 mp.
Aim: an orc wizard, wielding a dagger and wearing a robe (almost dead, fast)
The magic dart hits the orc wizard.
You kill the orc wizard!
You have reached level 5!
You have gained the ability to fly.
You regained 2 hp, and now have 13/28 hp.
Okay, then.
Okay, then.
Okay, then.
Aim: an orc priest, wielding a dagger The magic dart hits the orc priest.
You now have 2/11 mp.
Aim: an orc priest, wielding a dagger (moderately wounded)
Okay, then.
As you read the scroll labeled APSUIJ YHIO, it crumbles to dust.
You feel strangely unstable.
It was a scroll of teleportation.
The orc priest invokes the aid of Beogh against you.
Beogh smites you!
Ouch! That really hurt!
You die...

.#..#......# ..........
....#......###..........
##.##......##P#......)..
##..#......#P.##........
....#####.#_..P#!.o.....
.....####.P....#..).....
........#.#_.⌠..........
........#.#...P#o######
........#.#_...#@#
........#.##..##.#
#....<..#..####..#
#.......##'# ).!#
#.......##.#############
.......................#
......##.#.##..........#
......##...##..........#
......###..............#


You could see an orc priest and an orc.

Vanquished Creatures
  An orc wizard (D:3)
  5 adders (D:2)
  A worm (D:2)
  4 dart slugs (D:2)
  A leopard gecko (D:1)
  An orc (D:3)
  2 giant cockroaches
  5 hobgoblins
  A quokka (D:2)
  A ball python (D:1)
  4 bats
  7 frilled lizards
  5 goblins
  8 rats
46 creatures vanquished.

Notes
Turn   | Place    | Note
-------+----------+-------------------------------------------
     0 | D:1      | MackTheKnife the Tengu Conjurer began the quest for the Orb.
     0 | D:1      | Reached XP level 1. HP: 10/10 MP: 4/4
   273 | D:1      | Reached XP level 2. HP: 15/15 MP: 4/6
   731 | D:2      | Found a snail-covered altar of Cheibriados.
   781 | D:2      | Reached skill level 6 in Conjurations
   781 | D:2      | Reached XP level 3. HP: 19/19 MP: 0/7
   925 | D:2      | Found a shimmering altar of Xom.
   926 | D:2      | Noticed an angel
   926 | D:2      | Found a glowing silver altar of Zin.
  1025 | D:2      | Reached skill level 3 in Spellcasting
  1140 | D:2      | Reached XP level 4. HP: 23/24 MP: 9/9
  1647 | D:2      | Learned a level 4 spell: Iskenderun's Mystic Blast
  1864 | D:3      | Found a blossoming altar of Fedhas.
  1866 | D:3      | Found a sacrificial altar of Ru.
  1871 | D:3      | Found a radiant altar of Vehumet.
  1885 | D:3      | Gained mutation: You can fly. [Tengu growth]
  1885 | D:3      | Reached XP level 5. HP: 13/28 MP: 2/11
  1888 | D:3      | Killed from afar by an orc priest

Vault maps used:
D:1:      ncdulo_wetmaze, minmay_pentomino_x4
D:2:      kennysheep_big_flooded_room, grunt_temple_overflow_order_and_chaos_1,
          lemuel_round_altar
D:3:      gammafunk_temple_overflow_forgotten, first_bread

Skill      XL: |  1  2  3 |
---------------+----------+-----
Conjurations   | 6 |  6.9
Spellcasting   | 3 |  3.5
Dodging        | |  2.1
Stealth        | |  2.0

Action                   |  1- 3 |  4- 6 || total
-------------------------+-------+-------++-------
Melee: Whip              |    24 |     8 ||    32
       Kick              |     5 |     2 ||     7
       Peck              |     3 |     1 ||     4
       Staff             |       |     2 ||     2
 Cast: Magic Dart        |    37 |    39 ||    76
  Use: Scroll            |       |     4 ||     4
 Stab: Sleeping          |     1 |     1 ||     2
  Eat: Chunk             |     1 |     2 ||     3
Armor: Leather armour    |     9 |     3 ||    12
Dodge: Dodged            |    19 |     7 ||    26

Vault maps used:
D:1:      ncdulo_wetmaze, minmay_pentomino_x4
D:2:      kennysheep_big_flooded_room, grunt_temple_overflow_order_and_chaos_1,
          lemuel_round_altar
D:3:      gammafunk_temple_overflow_forgotten, first_bread

Table legend:
 A = Turns spent in this place as a percentage of turns spent in the entire game.
 B = Non-inter-level travel turns spent in this place as a percentage of non-inter-level travel turns spent in the entire game.
 C = Inter-level travel turns spent in this place as a percentage of turns spent in this place.
 D = Turns resting spent in this place as a percentage of non-inter-level travel turns spent in this place.
 E = Turns spent auto-exploring this place as a percentage of non-inter-level travel turns spent in this place.
 F = Non-inter-level travel turns spent in this place divided by the number of levels of this place that you've seen.
                   A       B       C       D       E      F
               +-------+-------+-------+-------+-------+----------------------
         Total | 100.0 | 100.0 |   1.0 |   4.6 |  20.1 | 131.0
       Dungeon | 100.0 | 100.0 |   1.0 |   4.6 |  20.1 | 131.0
               +-------+-------+-------+-------+-------+----------------------

Table legend:
 A = Kills in this place as a percentage of kills in entire the game.
 B = Kills by you in this place as a percentage of kills by you in the entire game.
 C = Kills by friends in this place as a percentage of kills by friends in the entire game.
 D = Other kills in this place as a percentage of other kills in the entire game.
 E = Experience gained in this place as a percentage of experience gained in the entire game.
 F = Experience gained in this place divided by the number of levels of this place that you have seen.
                   A       B       C       D       E      F
               +-------+-------+-------+-------+-------+----------------------
         Total | 100.0 | 100.0 |  -nan |  -nan | 100.0 |  60.3
       Dungeon | 100.0 | 100.0 |  -nan |  -nan | 100.0 |  60.3
               +-------+-------+-------+-------+-------+----------------------
